 Dungeon Crawl Stone Soup version 0.16-a0-421-gd787d97 (webtiles) character file.

167 Herrn the Magician (level 5, 0/29 HPs)
             Began as a Tengu Wanderer on Sept 15, 2014.
             Succumbed to an adder's poison
             ... on Level 2 of the Dungeon.
             The game lasted 00:16:07 (3239 turns).

Herrn the Magician (Tengu Wanderer)                 Turns: 3239, Time: 00:16:08

HP   0/29        AC  2     Str 13      XL: 5   Next: 48%
MP  12/15        EV 16     Int 15      God:
Gold 101         SH  4     Dex 16      Spells:  2 memorised,  9 levels left

rFire  + . .     SeeInvis .     d - +0 club
rCold  x . .     Clarity  .     c - +0 robe
rNeg   . . .     rCorr    .     h - +0 buckler
rPois  .         rRot     .     (helmet restricted)
rElec  .         Spirit   .     (no cloak)
SustAb .         Warding  .     (no gloves)
rMut   .         Stasis   .     (boots unavailable)
Gourm  .                        (no amulet)
MR     .....                    (no ring)
                                m - ring of fire

@: agile, lethally poisoned, not resistant to hostile enchantments, unstealthy
A: able to fly, beak, talons 3
a: Fly


You were on level 2 of the Dungeon.
You were not hungry.

You visited 1 branch of the dungeon, and saw 3 of its levels.

You collected 101 gold pieces.

Inventory:

Hand weapons
 d - a +0 club (weapon)
Armour
 c - a +0 robe (worn)
 h - a +0 buckler (worn)
Comestibles
 f - 3 bread rations
 k - a chunk of rat flesh
 o - a meat ration
 p - 2 royal jellies
Scrolls
 b - a scroll of teleportation
 i - 2 scrolls of identify {unknown}
 l - a scroll of fog {unknown}
 n - a scroll of remove curse {unknown}
Jewellery
 m - a ring of fire (left hand)
Books
 a - a book of Minor Magic

   Spells                             Type                      Level
   Magic Dart                         Conjuration                  1
   Blink                              Translocation                2
   Call Imp                           Summoning                    2
   Repel Missiles                     Charms/Air                   2
   Slow                               Hexes                        2
   Conjure Flame                      Conjuration/Fire             3
   *Mephitic Cloud                    Conjuration/Poison/Air       3


   Skills:
 * Level 1.0 Fighting
 - Level 1.1 Throwing
 * Level 1.2 Armour
 * Level 1.3 Dodging
 * Level 1.3 Shields
 * Level 4.6 Spellcasting
 * Level 2.3 Conjurations
   Level 1.2 Summonings
 * Level 4.1 Fire Magic
 * Level 2.0 Air Magic


You had 9 spell levels left.
You knew the following spells:

 Your Spells              Type           Power        Failure   Level  Hunger
a - Flame Tongue          Conj/Fire      ###..        6%          1    None
b - Mephitic Cloud        Conj/Pois/Air  #.......     30%         3    ###....


Dungeon Overview and Level Annotations

Branches:
Dungeon (3/15)

Altars:
Makhleb
Xom


Innate Abilities, Weirdness & Mutations

You can fly.
You have a beak for a mouth.
You have claws for feet.


Message History

Confirm with . or Enter, or press ? or * to list all spells.
Aiming: Flame Tongue
Press: ? - help, Shift-Dir - straight line, f/p - adder
Aim: an adder (lightly wounded)
You feel a surge of power!
The flame tongue hits the adder.
You kill the adder!
Your Air Magic skill increases to level 2!
* * * LOW HITPOINT WARNING * * *
You feel sick.
Casting: Flame Tongue
Confirm with . or Enter, or press ? or * to list all spells.
You can't see any susceptible monsters within range! (Use Z to cast anyway.) Unknown command.
Unknown command.
Drink which item? (? for menu, Esc to quit)
Okay, then.
Unknown command.
Drink which item? (? for menu, Esc to quit)
You feel refreshed.
You die...

#.......###.#.....#.#..
#.####.## #.#.###.#.#.#
#.# #.# #.#.# #.#.#.#
#.# #.# #.#.###.#.#.#
#.# #.####.#.......#.#
##.####..............#.#
#.......####.#.......#.#
#.......####.#.......#..
#......@................
#.....%#######.......###
#......#######.......#
#.............#.....##
#......###....#.....#
#......# #....#.....#
#......# #....#.....#
#......# #....#######
#......######.#


There were no monsters in sight!

Vanquished Creatures
  A hound (D:2)
  Ijyb (D:1)
  5 adders
  A gnoll (D:1)
  3 giant geckos
  3 orcs (D:3)
  A ball python (D:2)
  2 giant cockroaches
  12 goblins
  12 hobgoblins
  2 jackals (D:2)
  8 kobolds
  A quokka (D:2)
  2 bats
  7 giant newts
  8 rats
69 creatures vanquished.

Notes
Turn   | Place    | Note
--------------------------------------------------------------
     0 | D:1      | Herrn, the Tengu Wanderer, began the quest for the Orb.
     0 | D:1      | Reached XP level 1. HP: 10/10 MP: 5/5
   248 | D:1      | Reached XP level 2. HP: 15/15 MP: 0/8
   570 | D:1      | Reached XP level 3. HP: 19/19 MP: 6/10
  1055 | D:1      | Learned a level 3 spell: Mephitic Cloud
  1473 | D:2      | Noticed Ijyb
  1515 | D:1      | Killed Ijyb
  1515 | D:1      | Reached skill level 1 in Conjurations
  1515 | D:1      | Reached skill level 1 in Air Magic
  1532 | D:1      | Reached XP level 4. HP: 15/24 MP: 0/12
  2128 | D:2      | Reached skill level 1 in Fighting
  2543 | D:2      | Reached skill level 1 in Dodging
  2543 | D:2      | Reached XP level 5. HP: 27/29 MP: 11/15
  2589 | D:2      | Found a burning altar of Makhleb.
  2726 | D:2      | Found a shimmering altar of Xom.
  3054 | D:3      | Reached skill level 1 in Armour
  3238 | D:2      | HP: 1/29 [poisoned by an adder]
  3239 | D:2      | Succumbed to an adder's poison

Action                   |  1- 3 |  4- 6 || total
-------------------------+-------+-------++-------
Melee: Club              |    12 |       ||    12
 Cast: Flame Tongue      |    70 |    64 ||   134
       Mephitic Cloud    |       |     2 ||     2
  Use: Potion            |     2 |     3 ||     5
  Eat: Chunk             |     1 |     6 ||     7
